 Dungeon Crawl Stone Soup version 0.28-a0-1567-g1695149f81 (webtiles) character file.

Game seed: 7909514369611529983

91 comborobin the Ruffian (level 4, -1/33 HPs)
             Began as an Octopode Cinder Acolyte on Jan 20, 2022.
             Was a High Priest of Ignis.
             Slain by an orc (9 damage)
             ... on level 4 of the Dungeon.
             The game lasted 00:01:22 (2196 turns).

comborobin the Ruffian (Octopode Cinder Acolyte)    Turns: 2196, Time: 00:01:22

Health: -1/33      AC:  1    Str: 13    XL:     4   Next: 57%
Magic:  5/5        EV: 12    Int: 16    God:    Ignis [*****.]
Gold:   88         SH:  0    Dex:  9    Spells: 5/5 levels left

rFire   + . .      SeeInvis .     - Unarmed
rCold   + . .      Faith    .   (no shield)
rNeg    . . .      Spirit   .   (helmet restricted)
rPois   .          Reflect  .   (no amulet)
rElec   .          Harm     .   a - ring of protection from cold
rCorr   .          Rampage  .   (no ring)
Will    .....                   (no ring)
Stlth   ++........              (no ring)
HPRegen 0.11/turn               (no ring)
MPRegen 0.09/turn               (no ring)
                                (no ring)
                                (no ring)

@: no status effects
A: almost no armour, amphibious, 8 rings, camouflage 1, gelatinous body 1,
(nimble swimmer 1), tentacles
a: Renounce Religion, Fiery Armour, Foxfire Swarm, Rising Flame


You were on level 4 of the Dungeon.
You worshipped Ignis.
Ignis was extremely pleased with you.
You visited 1 branch of the dungeon, and saw 4 of its levels.

You collected 88 gold pieces.

Inventory:

Jewellery
 a - a ring of protection from cold (left tentacle)
Scrolls
 c - a scroll of vulnerability
 d - 2 scrolls of identify
 e - a scroll of teleportation


   Skills:
 + Level 4.0 Fighting
 + Level 1.1 Dodging
 + Level 4.0 Unarmed Combat
 - Level 1.2 Spellcasting
 - Level 3.1 Fire Magic


You had 5 spell levels left.
You didn't know any spells.
Your spell library contained the following spells:

 Spells                   Type           Power      Damage    Failure   Level
 Scorch                   Fire           20%        2d6       10%         2
 Sandblast                Erth           0%         2d4       22%         1
 Passwall                 Tmut/Erth      0%         N/A       34%         2
 Ignite Poison            Fire/Tmut/Pois 4%         N/A       41%         3
 Mephitic Cloud           Conj/Pois/Air  0%         N/A       56%         3
 Stone Arrow              Conj/Erth      0%         3d7       56%         3
 Freezing Cloud           Conj/Ice/Air   0%         6-21      99%         5


Dungeon Overview and Level Annotations

Branches:
Dungeon (4/15)
 Temple: D:4-7

Altars:
Fedhas
Makhleb
Sif Muna
Wu Jian


Innate Abilities, Weirdness & Mutations

You cannot wear most types of armour.
You are amphibious.
You can wear up to eight rings at the same time.
Your skin changes colour to match your surroundings (Stealth+).
Your rubbery body absorbs attacks. (AC +1, EV +1)
((You are camouflaged when in or above water. (Stealth+)))
You have tentacles for arms and can constrict up to eight enemies at once.


Message History

You kill the orc!
Your Fighting skill increases to level 4!
Your Unarmed Combat skill increases to level 4!
You tentacle-slap something but do no damage.
Something hits you.
An orc comes into view. It is wielding a +0 morningstar.
You barely miss something. Your squeeze misses something.
You tentacle-slap the orc but do no damage.
Your grab misses the orc. Your squeeze misses the orc.
You tentacle-slap the orc. Your grab misses the orc. You tentacle-slap the orc.
You squeeze the orc, but do no damage.
The orc is severely wounded.
The orc misses you.
You closely miss the orc. You grab the orc.
Your tentacle-slap misses the orc.
The orc is severely wounded.
You constrict the orc. The orc closely misses you.
You tentacle-slap the orc but do no damage.
You squeeze the orc.
You kill the orc!
No target in view!
You miss something.
Your tentacle-slap misses something.
Something hits you.
You tentacle-slap something.
Your tentacle-slap misses something.
Something hits you.
You closely miss something. Something hits you.
You tentacle-slap something but do no damage.
Your squeeze misses something. Something hits you.
An orc comes into view. It is wielding a +0 trident.
The orc shouts!
You tentacle-slap something. Your squeeze misses something.
You hear some strange, mumbled words.
A puff of flame appears from out of thin air!
The puff of flame hits you. You resist.
You closely miss something. Your squeeze misses something.
The orc hits you from afar with a +0 trident!
* * * LOW HITPOINT WARNING * * *
You miss something. You squeeze something.
Reactivating autopickup.
You feel a bit more experienced.
The orc hits you from afar with a +0 trident!
You die...

#..........#
#..........# ##
####.####### #. #.
########. ### #........
#.###.####.##
#.....##.....
###########.###.#......
#....)@.....#<..#......
#...o#########......_..
#### #..#......
#..#...... #..##.....
#..####.## #.........
#......... ##########


You could see an orc.

Vanquished Creatures
  Jessica (D:2)
  An orc wizard (D:4)
  2 adders
  An ufetubus (D:4)
  A dart slug (D:1)
  5 orcs
  A ball python (D:1)
  A bat (D:1)
  An endoplasm (D:2)
  2 giant cockroaches
  5 goblins
  2 hobgoblins
  5 quokkas
  A frilled lizard (D:2)
  2 kobolds (D:4)
  A rat (D:2)
32 creatures vanquished.

Vanquished Creatures (others)
  3 plants (D:3)
3 creatures vanquished.

Grand Total: 35 creatures vanquished

Notes
Turn   | Place    | Note
-------+----------+-------------------------------------------
     0 | D:1      | comborobin the Octopode Cinder Acolyte began the quest for
                  | the Orb.
     0 | D:1      | Reached XP level 1. HP: 16/16 MP: 2/2
   107 | D:1      | Reached XP level 2. HP: 9/21 MP: 3/3
   506 | D:2      | Noticed Jessica
   514 | D:2      | Killed Jessica
   515 | D:2      | Reached XP level 3. HP: 12/26 MP: 4/4
   764 | D:2      | Found a faded altar of an unknown god.
   988 | D:3      | Found an ornate altar of the Wu Jian Council.
  1087 | D:3      | Reached XP level 4. HP: 13/33 MP: 5/5
  1283 | D:3      | Found a burning altar of Makhleb.
  1286 | D:4      | Found a shimmering blue altar of Sif Muna.
  1381 | D:4      | Found a blossoming altar of Fedhas.
  1824 | D:4      | Reached skill level 1 in Dodging
  2196 | D:4      | Slain by an orc

Illustrated notes

Levels and vault maps discovered:
D:1:      matt_arrival_grand_opening, layout_loops_ring, minmay_misc_feat_five
D:2:      layout_loops_cross, chequers_ecumenical_altar_island, uniq_jessica
D:3:      layout_rooms, nzn_wu_jian_contemplation, bloody_makhleb,
          serial_forest, infiniplex_forest_corner_2, infiniplex_forest_corner_2,
          infiniplex_forest_end_2, infiniplex_forest_clump_double,
          infiniplex_forest_end_3, infiniplex_forest_lined_room_3
D:4:      layout_basic, old_standard_altar, overflow_temple_1_default,
          mainiacjoe_overflow_six_doors_small

Skill      XL: |  1  2  3  4 |
---------------+-------------+-----
Dodging        | 1 |  1.1
Fighting       | 4 |  4.0
Unarmed Combat | 4 |  4.0
Spellcasting   | |  1.2
Fire Magic     | |  3.1

Action                   |  1- 3 |  4- 6 || total
-------------------------+-------+-------++-------
Melee: Unarmed           |    43 |    50 ||    93
       Constrict         |    13 |     7 ||    20
       Tentacles         |     8 |     6 ||    14
       Punch             |     4 |     1 ||     5
  Use: Scroll            |       |     5 ||     5
       Potion            |       |     1 ||     1
 Stab: Sleeping          |     3 |     4 ||     7
Armor: Skin              |     6 |     1 ||     7
Dodge: Dodged            |    17 |    28 ||    45

Table legend: (Time is in decaauts)
 A = Elapsed time spent in this place.
 B = Non-inter-level travel time spent in this place.
 C = Inter-level travel time spent in this place.
 D = Time resting spent in this place.
 E = Time spent auto-exploring this place.
 F = Levels seen in this place.
 G = Mean time per level.
                   A        B        C        D        E       F      G
               +--------+--------+--------+--------+--------+-----+--------+
         Total |   2188 |   2163 |     25 |    815 |   1072 |   4 |  547.0 |
       Dungeon |   2188 |   2163 |     25 |    815 |   1072 |   4 |  547.0 |
               +--------+--------+--------+--------+--------+-----+--------+

Top non-repeatable levels by time:
     D:4: 906 daAuts
     D:2: 514 daAuts
     D:1: 464 daAuts
     D:3: 302 daAuts
